Map: Acropolis LE

Players

Bunny - Winner!

  • Race: Terran Terran
  • League: Diamond
  • Spawn Location: 11:00

HateMe

  • Race: Zerg Zerg
  • League: Master
  • Spawn Location: 5:00

Event: HomeStory Cup XIX

VOD

Have the link to the VOD?

Description

Time

  • Played on: June 28, 2019, 12:12 p.m.
  • Length: 6:01

All games in this series

Show
View Real Time Build Order
Export as new Build Order

Bunny Terran - Winner!

Build Orders: Reaper Expand, Hellion Banshee 

Get SALT Encoding   

  12  0:00  SCV  
  13  0:12  SCV  
  14  0:17  Supply Depot  
  14  0:25  SCV  
  15  0:38  SCV  
  15  0:40  Barracks  
  16  0:43  Refinery  
  16  0:50  SCV  
  17  1:02  SCV  
  18  1:14  SCV  
  19  1:27  Orbital Command, Reaper  
  20  1:39  Command Center  
  20  1:53  SCV, Supply Depot  
  21  1:59  Marine  
  22  2:05  SCV  
  22  2:08  Factory  
  23  2:17  SCV  
  23  2:18  Refinery  
  23  2:19  Barracks Reactor  
  24  2:29  SCV  
  25  2:41  SCV  
  26  2:52  Orbital Command  
  26  2:53  SCV  
  26  2:54  Starport  
  27  3:01  Hellion x2  
  27  3:05  Barracks Tech Lab, SCV  
  32  3:17  SCV  
  32  3:18  SCV  
  34  3:23  Hellion x2  
  38  3:30  Supply Depot  
  38  3:31  SCV x2  
  40  3:38  Viking  
  42  3:45  Hellion x2  
  46  3:52  SCV x2, Supply Depot  
  47  4:04  SCV x2  
  47  4:08  Banshee  
  47  4:09  Command Center  
  52  4:13  Cloaking Field  
  52  4:16  SCV x2  
  54  4:28  SCV x2  
  54  4:29  Supply Depot  
  56  4:36  Hellion x2  
  60  4:40  SCV  
  60  4:41  SCV  
  62  4:46  Refinery  
  62  4:49  Factory x2  
  62  4:51  Banshee, Barracks Tech Lab  
  63  5:00  Hellion x2  
  63  5:01  SCV x2  
  69  5:13  SCV  
  70  5:16  Refinery  
  70  5:20  Armory, SCV  
  71  5:21  Hellion  
  71  5:22  Hellion  
  71  5:23  Orbital Command  
  71  5:25  Supply Depot  
  75  5:29  SCV  
  75  5:33  SCV  
  76  5:43  SCV  
  76  5:44  Factory Tech Lab  
  76  5:45  SCV  
  68  5:57  Supply Depot  
Show
View Real Time Build Order
Export as new Build Order

HateMe Zerg 

Build Orders: Hatch First 

Get SALT Encoding   

  12  0:00  Drone  
  13  0:12  Overlord  
  13  0:17  Drone  
  14  0:31  Drone x2  
  16  0:48  Hatchery  
  15  0:51  Drone  
  15  0:54  Drone  
  17  0:57  Drone  
  18  1:09  Extractor  
  17  1:13  Spawning Pool  
  17  1:16  Drone  
  17  1:22  Drone  
  18  1:28  Drone  
  19  1:39  Drone  
  20  1:49  Overlord  
  20  1:59  Queen x2  
  20  2:00  Zergling x4  
  26  2:12  Drone x2  
  26  2:13  Metabolic Boost  
  28  2:22  Drone x2  
  30  2:36  Overlord  
  29  2:37  Queen  
  29  2:39  Queen  
  33  2:45  Drone x2  
  33  2:48  Overlord  
  35  3:02  Overlord  
  35  3:03  Drone  
  36  3:09  Hatchery  
  36  3:12  Drone x2  
  37  3:18  Drone x3  
  40  3:20  Drone  
  40  3:26  Drone x3  
  44  3:30  Drone  
  45  3:35  Baneling Nest  
  45  3:37  Drone x2  
  46  3:48  Queen x2  
  46  3:52  Zergling x4  
  52  3:57  Zergling x6  
  55  4:06  Overlord  
  55  4:07  Drone x3  
  59  4:10  Drone  
  59  4:18  Overlord  
  59  4:25  Queen, Overlord  
  59  4:30  Drone x4  
  65  4:36  Drone  
  65  4:37  Overlord  
  66  4:38  Lair  
  66  4:43  Drone  
  66  4:44  Drone x3  
  70  4:53  Zergling x8  
  72  5:00  Drone x3  
  72  5:01  Drone x5  
  72  5:06  Drone  
  78  5:12  Overlord x2  
  78  5:15  Drone  
  79  5:21  Roach Warren  
  79  5:26  Extractor x2  
  79  5:27  Extractor, Evolution Chamber  
  79  5:28  Zergling x4, Evolution Chamber  
  72  5:30  Zergling x2  
  66  5:35  Zergling x6  
  66  5:41  Spore Crawler  
  66  5:42  Spore Crawler x2  
  62  5:48  Drone x9  
Tags
 
Add a new tag
Caveats
  • Supply blocks, unpowered buildings, or Contaminate may cause inaccurate times.
  • Supply counts are checked every 10 seconds.